 Dungeon Crawl Stone Soup version 0.31-a0-1009-g454b1f1e0a (webtiles) character file.

Game seed: 9167014243773491422

165 kae the Slasher (level 5, 0/35 HPs)
             Began as a Demonspawn Enchanter on Nov 14, 2023.
             Slain by an ufetubus (4 damage)
             ... on level 3 of the Dungeon.
             The game lasted 00:01:27 (2365 turns).

kae the Slasher (Demonspawn Enchanter)              Turns: 2365, Time: 00:01:28

Health: 0/35       AC:  2    Str: 10    XL:     5   Next: 22%
Magic:  8/8        EV: 12    Int: 20    God:
Gold:   82         SH:  4    Dex: 14    Spells: 6/8 levels left

rFire   . . .        g - +7 scimitar of Greatest Utility {flame, rPois Int+2}
rCold   . . .        (no shield)
rNeg    . . .        b - +0 robe
rPois   +            (no helmet)
rElec   .            (no cloak)
rCorr   .            (no gloves)
SInv    .            (no boots)
Will    .....        (no amulet)
Stlth   ++           (no ring)
HPRegen 0.25/turn    (no ring)
MPRegen 0.11/turn

%: no passive effects
@: no status effects
A: big brain 1, condensation shield
a: no special abilities


You were on level 3 of the Dungeon.
You visited 1 branch of the dungeon, and saw 3 of its levels.

You collected 82 gold pieces.


Innate Abilities, Weirdness & Mutations

You have an unusually large brain. (Int +2)
A meltable shield of frost defends you. (SH +4)


   Skills:
 - Level 1.4(2.9) Short Blades
 + Level 3.9(4.0) Long Blades
 - Level 1.7 Dodging
 - Level 2.8 Stealth
 - Level 2.1 Spellcasting
 - Level 3.3 Hexes


You had 6 spell levels left.
You knew the following spells:

 Your Spells              Type           Power      Damage    Failure   Level
a - Ensorcelled Hibernat  Hex/Ice        16%        N/A       12%         2

Your spell library contained the following spells:

 Spells                   Type           Power      Damage    Failure   Level
 Confusing Touch          Hex            15%        N/A       12%         3
 Tukima's Dance           Hex            15%        N/A       12%         3
 Passwall                 Tmut/Erth      1%         N/A       24%         2
 Dazzling Flash           Conj/Hex       16%        N/A       24%         3
 Swiftness                Air            2%         N/A       43%         3

Inventory:

Hand Weapons
 a - a +1 dagger
 g - the +7 scimitar of Greatest Utility (weapon) {flame, rPois Int+2}
   (You acquired it on level 1 of the Dungeon)

   Int+2:     It affects your intelligence (+2).
   rPois:     It protects you from poison
Missiles
 d - 8 poisoned darts
 k - 4 boomerangs
 l - 18 stones
Armour
 b - a +0 robe (worn)
Jewellery
 L - a ring of flight
   (You found it on level 2 of the Dungeon)
Scrolls
 h - 5 scrolls of identify {unknown}
 m - a scroll of enchant weapon {unknown}
 n - a scroll of vulnerability {unknown}
 o - a scroll of immolation {unknown}
 p - a scroll of enchant armour {unknown}
 r - a scroll of revelation {unknown}
Potions
 c - 3 potions of invisibility
 e - 2 potions of degeneration {unknown}
 f - a potion of might {unknown}
 i - a potion of enlightenment {unknown}
 j - a potion of lignification {unknown}
 q - a potion of haste {unknown}

Dungeon Overview and Level Annotations

Branches:
Dungeon (3/15) Zot: 15614

Altars:
Makhleb
Xom

###### #....# #....#
#....# #....#######
#....5@5...############
#....#####.........†...
#....# ##############
#....# #....# ##...#
....# ..##.. #.. ##.


You could see 2 ufetubi.


Message History

A ball python is nearby!
The ball python barely misses you. x2
You closely miss the ball python. The ball python barely misses you. x2
The ball python bites you but does no damage.
You block the ball python's attack.
A ball python is nearby!
You slash the ball python! You burn the ball python.
You kill the ball python!
No target in view!
A goblin comes into view. It is wielding a +0 club.
The goblin shouts!
A goblin is nearby!
The goblin hits you with a +0 club.
You slash the goblin! You burn the goblin.
You kill the goblin!
You see here a +0 club.
A quokka comes into view.
A quokka is nearby!
A quokka is nearby!
You closely miss the quokka. You punch the quokka, but do no damage.
The quokka bites you. 😕 HP[-1]
You take 1 damage, and now have 34/35 hp.
A quokka is nearby!
You closely miss the quokka. The quokka barely misses you.
You hit the quokka but do no damage. The quokka bites you.
The quokka barely misses you.
A quokka is nearby!
You hit the quokka. You burn the quokka.
You kill the quokka!
No target in view!
You see here a quokka corpse.
You pick up a book of Burglary and begin reading...
You add the spells Passwall and Swiftness to your library. 😎 HP[+1]
Your hp is fully restored (35).
Key pressed, stopping explore.
No target in view!
No target in view! 2 ufetubi come into view.
The ufetubus shouts! x2; You hear a shout!
You barely miss the ufetubus. The ufetubus slips past you!
The ufetubus hits you. The ufetubus barely misses you. The ufetubus hits you.
The ufetubus barely misses you. The ufetubus misses you. x2 😕 HP[-4]
You take 4 damage, and now have 31/35 hp.
There are monsters nearby!
You closely miss the ufetubus. The ufetubus barely misses you.
The ufetubus closely misses you. You block the ufetubus's attack.
The ufetubus hits you. x2; The ufetubus completely misses you.
The ufetubus hits you. The ufetubus misses you.
You closely miss the ufetubus.
The ufetubus hits you but does no damage.
The ufetubus misses you. The ufetubus barely misses you.
The ufetubus hits you. 😮 HP[-5]
You take 5 damage, and now have 26/35 hp.
There are monsters nearby!
You barely miss the ufetubus. The ufetubus hits you. The ufetubus misses you.
The ufetubus hits you. x3; The ufetubus closely misses you. x2
The ufetubus misses you.
You are too injured to fight recklessly! 😮 HP[-7]
You take 7 damage, and now have 19/35 hp.
There are monsters nearby!
You are too injured to fight recklessly!
You are too injured to fight recklessly!
There are monsters nearby!
You are too injured to fight recklessly!
You are too injured to fight recklessly!
There are monsters nearby!
You are too injured to fight recklessly!
You are too injured to fight recklessly!
The ufetubus barely misses you. The ufetubus hits you. x2
* * * LOW HITPOINT WARNING * * *
The ufetubus barely misses you. The ufetubus hits you.
* * * LOW HITPOINT WARNING * * *
The ufetubus closely misses you. 😨 HP[-7]
You take 7 damage, and now have 12/35 hp.
You barely miss the ufetubus. The ufetubus slips past you!
The ufetubus hits you.
* * * LOW HITPOINT WARNING * * *
The ufetubus hits you.
* * * LOW HITPOINT WARNING * * *
You block the ufetubus's attack. The ufetubus closely misses you.
The ufetubus barely misses you. x2 😱 HP[-4]
You take 4 damage, and now have 8/35 hp.
Unknown command.
You barely miss the ufetubus. The ufetubus closely misses you.
You block the ufetubus's attack. x2; The ufetubus hits you.
* * * LOW HITPOINT WARNING * * *
The ufetubus hits you but does no damage.
The ufetubus hits you.
* * * LOW HITPOINT WARNING * * *
You block the ufetubus's attack.
The ufetubus barely misses you. 😱 HP[-5]
You take 5 damage, and now have 3/35 hp.
You barely miss the ufetubus. The ufetubus hits you.
You die...

Skill      XL: |  1  2  3  4 |
---------------+-------------+-----
Short Blades   | 1 |  1.4
Long Blades    | 1 2 3 |  3.9
Dodging        | |  1.7
Stealth        | |  2.8
Spellcasting   | |  2.1
Hexes          | |  3.3

Action                     |  1- 3 |  4- 6 || total
---------------------------+-------+-------++-------
  Melee: Dagger            |    46 |       ||    46
         Scimitar          |    49 |    35 ||    84
         Punch             |     1 |     1 ||     2
    Use: Scroll            |     3 |       ||     3
   Stab: Sleeping          |     3 |       ||     3
         Distracted        |     1 |       ||     1
 Armour: Robe              |    41 |    43 ||    84
  Dodge: Dodged            |    30 |    40 ||    70
  Block: Other             |     5 |     9 ||    14

Levels and vault maps discovered:
D:1:      shiori_arrival_maze, layout_basic, serial_curves, eino_curves_01,
          eino_curves_02, grunt_decor_mini_mirrors, nicolae_figureground_pulse
D:2:      wad_pebble_path, layout_basic,
          shapermc_ecumenical_altar_mp_urbaneastern, grunt_ministairs_8,
          minmay_surrounded
D:3:      layout_rooms, nicolae_yredelemnul_corpse_copse,
          grunt_temple_overflow_champion_of_chaos, uniq_natasha

Notes
Turn   | Place    | Note
-------+----------+-------------------------------------------
     0 | D:1      | kae the Demonspawn Enchanter began the quest for the Orb.
     0 | D:1      | Reached XP level 1. HP: 13/13 MP: 3/3
     0 | D:1      | magus.rc [v1.11.3]
    25 | D:1      | Reached skill level 1 in Short Blades
   279 | D:1      | Gained mutation: A meltable shield of frost defends you.
                  | (SH +4) [demonic ancestry]
   279 | D:1      | Reached XP level 2. HP: 19/19 MP: 5/5
   316 | D:1      | Learned a level 2 spell: Ensorcelled Hibernation
   907 | D:1      | Identified a scroll of acquirement
   907 | D:1      | Acquired the +7 scimitar of Greatest Utility {flame, rPois
                  | Int+2}
   945 | D:2      | Reached skill level 1 in Long Blades
   969 | D:2      | Reached XP level 3. HP: 24/24 MP: 6/6
  1177 | D:2      | Reached skill level 2 in Long Blades
  1639 | D:2      | Found a faded altar of an unknown god.
  2052 | D:3      | Reached XP level 4. HP: 23/30 MP: 7/7
  2084 | D:3      | Noticed Natasha
  2091 | D:3      | Killed Natasha
  2123 | D:3      | Found a shimmering altar of Xom.
  2123 | D:3      | Found a burning altar of Makhleb.
  2131 | D:3      | Reached skill level 3 in Long Blades
  2174 | D:3      | Gained mutation: You have an unusually large brain. (Int
                  | +2) [demonic ancestry]
  2174 | D:3      | Reached XP level 5. HP: 21/35 MP: 8/8
  2347 | D:3      | You pick up a book of Burglary and begin reading...
  2347 | D:3      | You add the spells Passwall and Swiftness to your library.
  2363 | D:3      | HP: 8/35 [ufetubus (3)]
  2364 | D:3      | HP: 3/35 [ufetubus (3)]
  2365 | D:3      | Slain by an ufetubus

Vanquished Creatures
  A crimson imp (D:3)
  An orc priest (D:3)
  Natasha (D:3)
  2 adders (D:2)
  A dart slug (D:2)
  4 orcs (D:3)
  4 ball pythons
  2 bats
  4 endoplasms
  2 giant cockroaches
  10 goblins
  4 hobgoblins
  7 kobolds
  3 quokkas
  2 frilled lizards
  4 rats
52 creatures vanquished.

Table legend:
 A = Non-vault XP
 B = Vault XP
 C = Vault XP percentage of total XP
 D = Non-vault monster count
 E = Vault monster count
 F = Vault count percentage of total count
                 A         B        C        D         E       F
            +---------+---------+-------+---------+---------+-------
      Total |     139 |      98 |  41.4 |      41 |      11 |  21.2
            +---------+---------+-------+---------+---------+-------
        D:1 |      22 |       4 |  15.4 |      12 |       2 |  14.3
        D:2 |      48 |      13 |  21.3 |      15 |       7 |  31.8
        D:3 |      69 |      81 |  54.0 |      14 |       2 |  12.5
            +---------+---------+-------+---------+---------+-------

Skill      XL: |  1  2  3  4 |
---------------+-------------+-----
Short Blades   | 1 |  1.4
Long Blades    | 1 2 3 |  3.9
Dodging        | |  1.7
Stealth        | |  2.8
Spellcasting   | |  2.1
Hexes          | |  3.3

Action                     |  1- 3 |  4- 6 || total
---------------------------+-------+-------++-------
  Melee: Dagger            |    46 |       ||    46
         Scimitar          |    49 |    35 ||    84
         Punch             |     1 |     1 ||     2
    Use: Scroll            |     3 |       ||     3
   Stab: Sleeping          |     3 |       ||     3
         Distracted        |     1 |       ||     1
 Armour: Robe              |    41 |    43 ||    84
  Dodge: Dodged            |    30 |    40 ||    70
  Block: Other             |     5 |     9 ||    14

Illustrated notes

Table legend:
 A = Kills in this place as a percentage of kills in the entire game.
 B = Kills by you in this place as a percentage of kills by you in the entire game.
 C = Kills by friends in this place as a percentage of kills by friends in the entire game.
 D = Other kills in this place as a percentage of other kills in the entire game.
 E = Experience gained in this place as a percentage of experience gained in the entire game.
 F = Experience gained in this place divided by the number of levels of this place that you have seen.
                   A       B       C       D       E      F
               +-------+-------+-------+-------+-------+----------------------
         Total | 100.0 | 100.0 |   N/A |   N/A | 100.0 |  79.0
       Dungeon | 100.0 | 100.0 |   N/A |   N/A | 100.0 |  79.0
               +-------+-------+-------+-------+-------+----------------------

Table legend: (Time is in decaauts)
 A = Elapsed time spent in this place.
 B = Non-inter-level travel time spent in this place.
 C = Inter-level travel time spent in this place.
 D = Time resting spent in this place.
 E = Time spent auto-exploring this place.
 F = Levels seen in this place.
 G = Mean time per level.
                   A        B        C        D        E       F      G
               +--------+--------+--------+--------+--------+-----+--------+
         Total |   2384 |   2309 |     75 |      8 |   1937 |   3 |  794.7 |
       Dungeon |   2384 |   2309 |     75 |      8 |   1937 |   3 |  794.7 |
               +--------+--------+--------+--------+--------+-----+--------+

Top non-repeatable levels by time:
     D:2: 1123 daAuts
     D:1: 923 daAuts
     D:3: 337 daAuts
